 Dungeon Crawl Stone Soup version 0.29.1-1-gd02db6906a (webtiles) character file.

Game seed: 2602847902480841170

44919 smilodon the Grappler (level 13, -4/133 HPs)
             Began as a Troll Fighter on Sept 15, 2022.
             Was an Elder of the Shining One.
             Slain by a yak (7 damage)
             ... while petrified by a catoblepas
             ... on level 5 of the Lair of Beasts.
             The game lasted 00:32:59 (13762 turns).

smilodon the Grappler (Troll Fighter)              Turns: 13762, Time: 00:33:03

Health: -4/133     AC:  8    Str: 31    XL:     13   Next: 98%
Magic:  18/18      EV:  1    Int:  2    God:    the Shining One [****..]
Gold:   1864       SH:  0    Dex:  9    Spells: 12/12 levels left

rFire   . . .      SeeInvis .     - Unarmed
rCold   . . .      Faith    .   b - +0 kite shield
rNeg    + + +      Spirit   .   u - +1 troll leather armour
rPois   ∞          Reflect  +   (helmet restricted)
rElec   .          Harm     .   y - +0 cloak
rCorr   .          Rampage  .   (gloves unavailable)
Will    +....                   (boots unavailable)
Stlth   +.........              N - amulet of reflection
HPRegen 1.92/turn               x - +4 ring of evasion
MPRegen 0.16/turn               s - ring of willpower

@: petrified, glowing
A: large, unfitting armour, claws 3, regeneration 1, shaggy fur 1, tough skin 1,
hooves 1, dopey 1
a: Renounce Religion, Divine Shield, Cleansing Flame


You were on level 5 of the Lair of Beasts.
You worshipped the Shining One.
The Shining One was greatly pleased with you.
You visited 2 branches of the dungeon, and saw 15 of its levels.
You also visited: Bailey.

You collected 2084 gold pieces.
You spent 220 gold pieces at shops.

Inventory:

Hand Weapons
 d - a +5 sling
Missiles
 T - 6 javelins
Armour
 a - a +0 robe
 b - a +0 kite shield (worn)
 u - a +1 troll leather armour (worn)
 y - a +0 cloak (worn)
Magical Staves
 C - a staff of air
Jewellery
 e - a ring of resist corrosion
 l - a ring of protection from cold
 s - a ring of willpower (right claw)
 x - a +4 ring of evasion (left claw)
 z - a ring of protection from fire
 I - a +6 ring of dexterity
 K - a ring of magical power
 N - an amulet of reflection (around neck)
 P - a ring of willpower
Wands
 j - a wand of flame (29)
 r - a wand of mindburst (25)
 w - a wand of roots (17)
 O - a wand of charming (7)
Scrolls
 f - 9 scrolls of teleportation
 g - 5 scrolls of blinking
 h - 2 scrolls of magic mapping
 i - 2 scrolls of silence
 k - 2 scrolls of summoning
 m - 2 scrolls of enchant weapon
 n - 4 scrolls of identify
 p - 5 scrolls of noise
 t - 4 scrolls of fear
 G - 5 scrolls of butterflies
 J - 2 scrolls of amnesia
 Q - a scroll of brand weapon {unknown}
Potions
 c - a potion of flight
 o - 3 potions of attraction
 q - 6 potions of magic
 v - 2 potions of lignification
 A - 2 potions of cancellation
 B - a potion of brilliance
 D - 5 potions of curing
 E - 4 potions of haste
 F - a potion of mutation
 H - a potion of might
 M - a potion of heal wounds
 S - a potion of berserk rage
Miscellaneous
 L - a phantom mirror
 R - a tin of tremorstones (2/2)


   Skills:
 + Level 9.8 Fighting
 * Level 4.2 Armour
 + Level 9.8 Dodging
 + Level 10.7 Shields
 + Level 11.4 Unarmed Combat
 + Level 8.7 Invocations


You had 12 spell levels left.
You didn't know any spells.
Your spell library contained the following spells:

 Spells                   Type           Power      Damage    Failure   Level
 Foxfire                  Conj/Fire      0%         2x1d4     78%         1
 Sandblast                Erth           0%         2d4       78%         1
 Passwall                 Tmut/Erth      0%         N/A       89%         2
 Scorch                   Fire           0%         2d5       89%         2
 Confusing Touch          Hex            0%         N/A       98%         3
 Conjure Flame            Conj/Fire      0%         6-21      98%         3
 Ignite Poison            Fire/Tmut/Pois 0%         N/A       98%         3
 Inner Flame              Hex/Fire       0%         N/A       98%         3
 Stone Arrow              Conj/Erth      0%         3d7       98%         3
 Flame Wave               Conj/Fire      0%         2d4       100%        4
 Sticky Flame             Conj/Fire      0%         2d3       100%        4
 Yara's Violent Unravell  Hex/Tmut       0%         3d3       100%        5
 Summon Cactus Giant      Summ           0%         N/A       100%        6
 Enfeeble                 Hex            0%         N/A       100%        7


Dungeon Overview and Level Annotations

Branches:
Dungeon (10/15)            Temple (0/1) D:5            Lair (5/5) D:10
 Shoals (0/4) Lair:2       Spider (0/4) Lair:2        Slime (0/5) Lair:5
    Orc (0/2) D:10         Bailey (visited)

Altars:
Cheibriados
Dithmenos
Elyvilon
Fedhas
Hepliaklqana
Kikubaaqudgha
Makhleb
Nemelex Xobeh
Qazlal
Ru
Trog
Uskayaw
Vehumet
Wu Jian
Xom
Yredelemnul
Zin
The Shining One

Shops:
D:2 [   D:5 *

Annotations:
D:8 5 runed translucent doors, CertainDeath's ghost, novice TrTm; SexySpitoon's ghost, novice SpEn; Valamore's ghost, novice HOMo; trckry's ghost, novice MiBe
D:10 1 runed translucent door, turdburglar's ghost, journeyman DsGl


Innate Abilities, Weirdness & Mutations

You are too large for most types of armour.
You have claws for hands.
Your natural rate of healing is unusually fast.
You are covered in fur. (AC +1)
You have tough skin. (AC +1)
You have large cloven feet.
You are dopey. (Int -2)


Message History

The blast of calcifying dust hits you.
You scratch the catoblepas. You kick the catoblepas.
The catoblepas is lightly wounded.
You are engulfed in calcifying dust.
You are slowing down.
You block the catoblepas's attack.
You claw the catoblepas! You kick the catoblepas.
The catoblepas is moderately wounded.
You are engulfed in calcifying dust.
You block the yak's attack.
The death yak gores the fungus!!
The fungus begins to die.
Your limbs are stiffening.
You claw the catoblepas!
You kick the catoblepas, but do no damage.
The catoblepas is heavily wounded.
You are engulfed in calcifying dust.
The yak completely misses you. The catoblepas barely misses you.
You have turned to stone.
You are engulfed in calcifying dust.
The yak gores you! The catoblepas gores you.
The yak gores the fungus!
You are engulfed in calcifying dust.
The yak gores you! The catoblepas gores you!! The yak gores you!
The death yak gores you. The catoblepas gores you!! The yak gores you! x2
A nearby fungus withers and dies.
The yak barely misses you. The death yak gores you!! The catoblepas gores you!!
The yak gores you but does no damage. The yak completely misses you.
The yak gores you! The death yak gores you! The catoblepas gores you!!
The yak gores you but does no damage. The yak gores you! The yak gores you.
The death yak gores you!!
* * * LOW HITPOINT WARNING * * *
The catoblepas gores you!!
* * * LOW HITPOINT WARNING * * *
The yak gores you but does no damage. The yak gores you!
* * * LOW HITPOINT WARNING * * *
The yak gores you!
* * * LOW HITPOINT WARNING * * *
The death yak gores you!!
* * * LOW HITPOINT WARNING * * *
The catoblepas gores you but does no damage.
The yak gores you!
You die...

...P#...
....##....##
P....
...........#
P....
.........###
.....#...##
.........P#
........###
....P...##
....#.Y..##
......Y@Y.#
......YY.##
...........
...........#
............#
..............
............###
♣P.........##


You could see a death yak, a catoblepas and 3 yaks.

Vanquished Creatures
  Kirke (Lair:3)
  An orc warlord (Bailey)
  The ghost of HunfridMar the Eclecticist, a journeyman DECj of Vehumet (Lair:4)
  Snorg (Lair:5)
  Josephine (Lair:4)
  Erolcha (D:9)
  3 hydras
  A centaur warrior (D:8)
  A catoblepas (Lair:3)
  A two-headed ogre (D:10)
  A death knight (D:9)
  A phantasmal warrior (D:9)
  2 orc knights
  A merfolk siren (Lair:2)
  12 elephants (Lair:1)
  Maurice (D:10)
  4 black mambas
  A torpor snail (Lair:1)
  17 cane toads
  A rime drake (Lair:3)
  2 freezing wraiths (D:9)
  4 komodo dragons
  3 polar bears
  Prince Ribbit (D:8)
  13 blink frogs
  2 hornets
  3 wraiths (Lair:4)
  4 hogs (Lair:3)
  57 yaks
  4 basilisks
  3 wyverns
  Grum (D:10)
  Edmund (D:5)
  14 water moccasins
  2 ice beasts (D:7)
  5 black bears
  5 orc warriors
  The ghost of Fractals the Ruffian, an amateur DrTm (D:3)
  2 ogres
  4 wolves (D:10)
  5 centaurs
  2 kobold brigands
  11 bullfrogs
  2 necrophages
  6 scorpions
  7 wights
  11 killer bees (D:9)
  4 howler monkeys
  2 electric eels (D:9)
  2 lava snakes
  7 orc priests
  A bullfrog skeleton (D:3)
  2 gnoll boudas
  7 hounds
  4 iguanas
  8 orc wizards
  A killer bee zombie (D:3)
  A mummy (D:3)
  5 gnolls
  9 adders
  2 shadow imps (D:6)
  3 white imps
  An ufetubus (D:6)
  3 worms
  2 dart slugs
  36 orcs
  5 bats
  13 endoplasms
  3 giant cockroaches (Lair:2)
  7 goblins
  5 hobgoblins
  3 quokkas
  4 ball pythons
  4 frilled lizards
  17 kobolds
  2 rats (D:1)
391 creatures vanquished.

Vanquished Creatures (collateral kills)
  A hydra (Lair:2)
  The ghost of turdburglar the Grappler, a novice TrFi of Gozag (D:7)
  A scorpion (D:7)
  A howler monkey (D:7)
  A shadow imp (D:7)
  A white imp (D:7)
6 creatures vanquished.

Vanquished Creatures (others)
  The ghost of ratmagoo the Thaumaturge, a journeyman DjHW of Ashenzari (Lair:1)
  A black mamba (Lair:1)
  A water moccasin (Lair:1)
  36 fungi
  76 plants
  2 withered plants (D:8)
117 creatures vanquished.

Grand Total: 514 creatures vanquished

Notes
Turn   | Place    | Note
-------+----------+-------------------------------------------
     0 | D:1      | smilodon the Troll Fighter began the quest for the Orb.
     0 | D:1      | Reached XP level 1. HP: 22/22 MP: 0/0
   173 | D:1      | Reached XP level 2. HP: 29/29 MP: 1/1
   393 | D:1      | Gained mutation: You have large cloven feet. [potion of
                  | mutation]
   393 | D:1      | Gained mutation: You are dopey. (Int -2) [potion of
                  | mutation]
   472 | D:2      | Reached XP level 3. HP: 29/36 MP: 2/2
   535 | D:2      | Found a faded altar of an unknown god.
   632 | D:2      | Found Pobli's Armour Shop.
  1048 | D:3      | Found a transporter.
  1051 | D:3      | Noticed Fractals's ghost (amateur DrTm)
  1052 | D:3      | Found a transporter.
  1081 | D:3      | Killed Fractals's ghost
  1082 | D:3      | Reached skill level 3 in Unarmed Combat
  1082 | D:3      | Reached XP level 4. HP: 24/45 MP: 3/3
  1082 | D:3      | Reached XP level 5. HP: 28/53 MP: 4/4
  1217 | D:3      | Found a basalt altar of Yredelemnul.
  1278 | D:3      | Found a radiant altar of Vehumet.
  1357 | D:3      | Found a glowing golden altar of the Shining One.
  1519 | D:3      | Became a worshipper of the Shining One
  1537 | D:3      | Found a sparkling altar of Nemelex Xobeh.
  1595 | D:4      | Reached XP level 6. HP: 47/61 MP: 5/5
  1708 | D:4      | Reached skill level 4 in Unarmed Combat
  1708 | D:4      | Reached XP level 7. HP: 53/68 MP: 6/6
  2125 | D:5      | Entered Level 5 of the Dungeon
  2306 | D:5      | Found Kitwov Asapn's Serpentskin Sales.
  2425 | D:5      | Reached * piety under the Shining One
  2434 | D:5      | Reached skill level 5 in Shields
  2439 | D:5      | Reached skill level 5 in Unarmed Combat
  2439 | D:5      | Reached XP level 8. HP: 17/79 MP: 7/7
  2682 | D:5      | Found a staircase to the Ecumenical Temple.
  2733 | D:5      | Found Cunakliv's Jewellery Emporium.
  3050 | D:5      | Reached skill level 5 in Dodging
  3052 | D:5      | Reached skill level 5 in Fighting
  3342 | D:5      | Found a faded altar of an unknown god.
  3343 | D:5      | Noticed Edmund
  3344 | D:5      | Found a hazy altar of Hepliaklqana.
  3359 | D:5      | Killed Edmund
  3716 | D:6      | Reached skill level 6 in Unarmed Combat
  3964 | D:6      | Identified the +4 flail of the Blowfly {vamp, Str+4}
  4085 | D:6      | Reached XP level 9. HP: 83/88 MP: 8/8
  4138 | D:6      | Found a shadowy altar of Dithmenos.
  4252 | D:7      | Found an ancient bone altar of Kikubaaqudgha.
  4377 | D:2      | Bought a +1 troll leather armour for 220 gold pieces
  4518 | D:7      | Found a runed translucent gate.
  4519 | D:7      | Found a runed translucent gate.
  4519 | D:7      | Found a runed translucent gate.
  4520 | D:7      | Noticed turdburglar's ghost (novice TrFi)
  4521 | D:7      | Reached ** piety under the Shining One
  4604 | D:7      | Found a shimmering altar of Xom.
  4656 | D:7      | Found a hide-covered altar of Uskayaw.
  4840 | D:7      | Reached skill level 1 in Invocations
  5441 | D:7      | Killed turdburglar's ghost
  5550 | D:8      | Reached skill level 7 in Unarmed Combat
  5591 | D:8      | Found a runed translucent gate.
  5592 | D:8      | Found a runed translucent gate.
  5593 | D:8      | Found a runed translucent gate.
  5638 | D:8      | Found a runed translucent door.
  5640 | D:8      | Found a runed translucent door.
  5695 | D:8      | Noticed a centaur warrior
  5705 | D:8      | Killed a centaur warrior
  5706 | D:8      | Reached XP level 10. HP: 63/100 MP: 11/11
  5751 | D:8      | Noticed Prince Ribbit
  5762 | D:8      | Killed Prince Ribbit
  5887 | D:8      | Noticed CertainDeath's ghost (novice TrTm)
  5887 | D:8      | Noticed SexySpitoon's ghost (novice SpEn)
  5888 | D:8      | Noticed trckry's ghost (novice MiBe)
  5888 | D:8      | Noticed Valamore's ghost (novice HOMo)
  5958 | D:8      | Reached *** piety under the Shining One
  6230 | D:8      | Found a white marble altar of Elyvilon.
  6256 | D:8      | Found a blossoming altar of Fedhas.
  6332 | D:9      | Found a snail-covered altar of Cheibriados.
  6501 | D:9      | Noticed a phantasmal warrior
  6509 | D:9      | Killed a phantasmal warrior
  6515 | D:9      | Reached skill level 8 in Unarmed Combat
  6515 | D:9      | Noticed a death knight
  6706 | D:9      | Identified the +1 pair of gloves of Hedging {rElec Str-3
                  | Dex+3 SInv}
  6713 | D:9      | Found a glowing silver altar of Zin.
  6956 | D:9      | Noticed Erolcha
  6986 | D:9      | Reached XP level 11. HP: 100/109 MP: 13/13
  6996 | D:9      | Killed Erolcha
  6997 | D:9      | Reached skill level 5 in Invocations
  7001 | D:9      | Found an ornate altar of the Wu Jian Council.
  7095 | D:9      | Killed a death knight
  7120 | D:9      | Found a sacrificial altar of Ru.
  7221 | D:9      | Found a burning altar of Makhleb.
  7639 | D:10     | Entered Level 10 of the Dungeon
  7678 | D:10     | Found a staircase to the Lair.
  7718 | D:10     | Noticed an orc knight
  7730 | D:10     | Reached skill level 9 in Unarmed Combat
  7760 | D:10     | Noticed a two-headed ogre
  7774 | D:10     | Reached **** piety under the Shining One
  7785 | D:10     | Killed a two-headed ogre
  7793 | D:10     | Killed an orc knight
  7868 | D:10     | Found a bloodstained altar of Trog.
  7876 | D:10     | Found a flagged portal.
  7880 | D:10     | Noticed Grum
  7890 | D:10     | Killed Grum
  7893 | Bailey   | Entered a bailey
  7918 | Bailey   | Noticed an orc warlord
  7956 | Bailey   | Noticed an orc knight
  7967 | Bailey   | Killed an orc knight
  7995 | Bailey   | Found a runed translucent gate.
  7997 | Bailey   | Found a runed translucent gate.
  7999 | Bailey   | Found a runed translucent gate.
  8010 | Bailey   | Reached XP level 12. HP: 114/120 MP: 15/15
  8055 | Bailey   | Killed an orc warlord
  8128 | Bailey   | Acquired 904 gold pieces
  8229 | D:10     | Identified the +9 hand axe of Equilibrium {vamp, rC+ rCorr
                  | Str-5 Dex+3}
  8298 | D:10     | Found a runed translucent door.
  8298 | D:10     | Noticed turdburglar's ghost (journeyman DsGl)
  8303 | D:10     | Noticed Maurice
  8312 | D:10     | Killed Maurice
  8412 | D:10     | Found a staircase to the Orcish Mines.
  8471 | D:10     | Noticed an ogre mage
  8471 | D:10     | Noticed a centaur warrior
  8724 | D:10     | Found a stormy altar of Qazlal.
  9113 | Lair:1   | Entered Level 1 of the Lair of Beasts
  9227 | Lair:1   | Noticed ratmagoo's ghost (journeyman DjHW)
  9228 | Lair:1   | Found a transporter.
  9231 | Lair:1   | Found a transporter.
  9357 | Lair:1   | Reached skill level 10 in Unarmed Combat
  9741 | Lair:1   | Noticed a five-headed hydra
  9858 | Lair:1   | Killed a six-headed hydra
 10352 | Lair:1   | Killed ratmagoo's ghost
 10431 | Lair:2   | Reached skill level 10 in Shields
 10518 | Lair:2   | Noticed a five-headed hydra
 10532 | Lair:2   | Killed a five-headed hydra
 10533 | Lair:2   | Reached XP level 13. HP: 62/131 MP: 17/17
 10951 | Lair:2   | Found a staircase to the Shoals.
 11145 | Lair:2   | Found a hole to the Spider Nest.
 11847 | Lair:3   | Noticed Kirke
 11990 | Lair:3   | Killed Kirke
 11991 | Lair:3   | Reached skill level 1 in Armour
 12245 | Lair:3   | Reached skill level 11 in Unarmed Combat
 12561 | Lair:4   | Noticed Josephine
 12669 | Lair:4   | Found a large runed translucent door.
 12669 | Lair:4   | Found a large runed translucent door.
 12670 | Lair:4   | Noticed HunfridMar's ghost (journeyman DECj)
 12781 | Lair:4   | Killed Josephine
 13264 | Lair:4   | Killed HunfridMar's ghost
 13298 | Lair:5   | Entered Level 5 of the Lair of Beasts
 13336 | Lair:5   | Noticed Snorg
 13351 | Lair:5   | Killed Snorg
 13432 | Lair:5   | Found a staircase to the Slime Pits.
 13762 | Lair:5   | HP: 3/133 [death yak (12)]
 13762 | Lair:5   | Slain by a yak

Illustrated notes

Levels and vault maps discovered:
D:1:      wander_arrival_estate, layout_rooms
D:2:      layout_rooms, ebering_ecumenical_altar_hall, serial_shops,
          nicolae_shop_waterfront, st_stairs_7
D:3:      layout_loops_ring, nemelex_xobeh_ov_fountains_minmay, tso_metal_star,
          grunt_temple_overflow_diamond, vehumet_altar_wand_db,
          lemuel_round_altar, mainiacjoe_overflow_alcove_1,
          gammafunk_ghost_mausoleum
D:4:      layout_cave_pools, kennysheep_generic_room_11
D:5:      minmay_recursive_quarters, layout_layer_cave,
          beargit_hepliaklqana_dungeon_heroes, minmay_temple_entry_trees,
          minmay_shop_enchanted_jewellery, kennysheep_crisscross,
          guppyfry_shop_venom
D:6:      layout_rooms, nicolae_dithmenos_shadow_blocks
D:7:      layout_layer_cave, mainiacjoe_overflow_concentric_impassable,
          nicolae_uskayaw_murder_on_the_dancefloor, lemuel_crystal_altar,
          gammafunk_ghost_split, nicolae_underground_beach
D:8:      lemuel_insect_pit, layout_basic, mainiacjoe_overflow_two_lobes,
          gammafunk_ghost_cemetery, uniq_prince_ribbit1
D:9:      layout_loops_ring, lightli_temple_of_fire, slow_altar_1,
          mainiacjoe_overflow_paths, amcnicky_altar_gilded,
          nicolae_wu_jian_wuxing_cycle, water_maze_lemuel, uniq_erolcha
D:10:     layout_gridville, nicolae_overflow_crystal_walls,
          mainiacjoe_overflow_six_doors_small, due_lair_maze_entry_diamond,
          orc_david_3, enter_bailey_2, gammafunk_ghost_grave, minivault_12,
          uniq_maurice, uniq_grum
Lair:1:   layout_loops_ring, gammafunk_ghost_arena
Lair:2:   layout_regular_city, minmay_shoals_entry_lonely_mermaid,
          nicolae_spider_entry_non_spiders, serial_rivers,
          chequers_serial_rivers_room_b, chequers_serial_rivers_micro_e,
          chequers_serial_rivers_large_a, chequers_serial_rivers_room_b,
          chequers_serial_rivers_micro_c, serial_bayou_shore_b
Lair:3:   layout_cave_pods, grunt_forest_small_clearings, uniq_kirke
Lair:4:   layout_misc_corridors, ebering_ghost_disaster_area, uniq_josephine
Lair:5:   evilmike_catoblepas_cave, layout_gridlike, slime_entry_1,
          nicolae_lair_yak_garden, uniq_snorg

Skill      XL: |  1  2  3  4  5  6  7  8  9 10 11 12 13 |
---------------+----------------------------------------+-----
Shields        | 3 4 5 6 7 9 10 | 10.7
Fighting       | 3 4 5 6 7 8 9 |  9.8
Dodging        | 3 4 5 6 7 8 9 |  9.8
Unarmed Combat | 3 4 5 6 7 8 9 10 11 | 11.4
Invocations    | 3 4 6 7 8 |  8.7
Armour         | 4 |  4.2

Action                   |  1- 3 |  4- 6 |  7- 9 | 10-12 | 13-15 || total
-------------------------+-------+-------+-------+-------+-------++-------
Melee: Unarmed           |   117 |    57 |   216 |   534 |   274 ||  1198
       Kick              |    15 |    16 |    75 |   185 |   110 ||   401
       Staff             |       |       |       |     4 |       ||     4
 Fire: Sling             |       |       |       |    12 |    16 ||    28
Invok: Divine Shield     |       |       |       |     4 |     1 ||     5
       Cleansing Flame   |       |       |       |     3 |     2 ||     5
Evoke: Wand              |       |       |       |     4 |    20 ||    24
       Phantom mirror    |       |       |       |     1 |       ||     1
  Use: Scroll            |     4 |       |    13 |     4 |     3 ||    24
       Potion            |     6 |       |    11 |     7 |     1 ||    25
 Stab: Sleeping          |     1 |     1 |       |       |       ||     2
Armor: Robe              |    49 |    18 |    22 |       |       ||    89
       Troll leather arm |       |       |    21 |   111 |    63 ||   195
Dodge: Dodged            |    47 |    20 |    80 |   335 |   177 ||   659
Block: Kite shield       |    36 |    25 |    89 |   333 |   219 ||   702
       Reflection        |       |       |       |       |     1 ||     1
